 Dungeon Crawl Stone Soup version 0.28-a0-563-gf77a47075d (webtiles) character file.

Game seed: 9564317868787866176

917 miscthings the Slicer (level 8, 0/59 HPs)
             Began as a Barachi Cinder Acolyte on Sept 29, 2021.
             Was a High Priest of Ignis.
             Killed by divine providence
             ... invoked by an orc priest
              (15 damage)
             ... on level 6 of the Dungeon.
             The game lasted 00:08:48 (5862 turns).

miscthings the Slicer (Barachi Cinder Acolyte)      Turns: 5862, Time: 00:08:49

Health: 0/59       AC:  4    Str: 20    XL:     8   Next: 9%
Magic:  1/12       EV: 11    Int: 15    God:    Ignis [*****.]
Gold:   332        SH:  0    Dex:  9    Spells: 10/12 levels left

rFire   . . .      SeeInvis .   r - +0 dagger (venom)
rCold   . . .      Faith    .   (no shield)
rNeg    . . .      Spirit   .   v - +0 leather armour of Qolutt {+Inv rF- Will+++ Str+4}
rPois   .          Reflect  .   t - +0 helmet
rElec   .          Harm     .   (no cloak)
rCorr   .          Rampage  .   (no gloves)
Will    +++..                   (no boots)
Stlth   +.........              (no amulet)
HPRegen 0.19/turn               (no ring)
MPRegen 0.13/turn               (no ring)

@: unable to hop, slow
A: amphibious, slowness 1, strong legs 1, +LOS
a: Hop, Renounce Religion, Evoke Invisibility, Sea of Fire, Foxfire Swarm,
Rising Flame


You were on level 6 of the Dungeon.
You worshipped Ignis.
Ignis was extremely pleased with you.
You visited 1 branch of the dungeon, and saw 6 of its levels.

You collected 332 gold pieces.

Inventory:

Hand Weapons
 a - a -1 falchion of flaming
 i - a +4 dagger
 r - a +0 dagger of venom (weapon)
Missiles
 m - 4 curare-tipped darts (quivered)
Armour
 e - a +1 plate armour of poison resistance
 k - a +0 leather armour
 t - a +0 helmet (worn)
 v - the +0 leather armour of Qolutt (worn) {+Inv rF- Will+++ Str+4}
   (You found it on level 6 of the Dungeon)

   Str:       It affects your strength (+4).
   rF:        It makes you vulnerable to fire.
   +Inv:      It lets you turn invisible.
   Will:      It greatly increases your willpower.
Scrolls
 b - a scroll of noise {unknown}
 c - a scroll of enchant weapon {unknown}
 g - 2 scrolls of fog
 h - a scroll of immolation {unknown}
 j - a scroll of blinking {unknown}
 l - a scroll of torment {unknown}
 o - a scroll of brand weapon {unknown}
 p - a scroll of magic mapping {unknown}
 u - a scroll of identify {@r1}
Potions
 d - 2 potions of mutation
 f - a potion of curing
 n - a potion of brilliance
 q - a potion of attraction {unknown}
 s - a potion of flight {unknown}


   Skills:
 - Level 3.6 Fighting
 + Level 8.8(9.1) Short Blades
 - Level 3.6(7.1) Long Blades
 - Level 2.7 Spellcasting
 - Level 4.4 Fire Magic


You had 10 spell levels left.
You knew the following spells:

 Your Spells              Type           Power      Damage    Failure   Level
a - Scorch                Fire           30%        2d6       6%          2

Your spell library contained the following spells:

 Spells                   Type           Power      Damage    Failure   Level
 Ensorcelled Hibernation  Hex/Ice        4%         N/A       36%         2
 Sublimation of Blood     Necr           1%         N/A       36%         2
 Wereblood                Tmut           2%         N/A       36%         2
 Tukima's Dance           Hex            2%         N/A       58%         3
 Flame Wave               Conj/Fire      8%         3d4       69%         4
 Summon Cactus Giant      Summ           1%         N/A       100%        6
 Summon Hydra             Summ           1%         N/A       100%        7


Dungeon Overview and Level Annotations

Branches:
Dungeon (6/15)             Temple (0/1) D:5

Altars:


Innate Abilities, Weirdness & Mutations

You are amphibious.
You cover ground slowly.
You can hop short distances.
You have an extended range of vision and can be seen from far away.


Message History

The orc warrior is heavily wounded.
You barely miss the orc warrior.
The orc warrior is heavily wounded.
The orc warrior hits you with a +0 dire flail!!
The orc warrior is no longer moving slowly.
There is a stone staircase leading down here.
Casting: Scorch (safe; 6% risk of failure)
Confirm with . or Enter, or press ? or * to list all spells.
Flames lash the orc warrior.
The orc warrior is almost dead.
The orc warrior's fire resistance burns away.
Your magical contamination has completely faded away.
Found a scale mail.
The orc warrior looks more healthy.
The orc warrior hits you with a +0 dire flail!
* * * LOW HITPOINT WARNING * * *
The orc warrior is no longer more vulnerable to fire.
Okay, then.
Hop to where?
Press: ? - help, Dir - move target, p - orc warrior Boing!
You feel better.
Throw: 6 darts (curare)
Press: ? - help, Q - select action, (/) - cycle Shift-Dir - straight line, f - orc warrior
Aim: an orc warrior, wielding a +0 dire flail and wearing a +0 plate armour (almost dead, 54% to hit)
You throw a curare-tipped dart.
The curare-tipped dart closely misses the orc warrior.
The curare-tipped dart hits the orc.
The orc is poisoned.
The orc convulses.
The orc seems to slow down.
The orc is severely wounded.
Throw: 5 darts (curare)
Press: ? - help, Q - select action, (/) - cycle Shift-Dir - straight line, f/p - orc warrior
Aim: an orc warrior, wielding a +0 dire flail and wearing a +0 plate armour (almost dead, 54% to hit)
You throw a curare-tipped dart.
The curare-tipped dart closely misses the orc warrior.
The curare-tipped dart hits the orc.
The orc looks as sick as possible!
The orc convulses.
You kill the orc!
The orc priest mumbles some strange prayers to Beogh against you.
Beogh smites you!
You die...

#. #(# #.# #.
#o####.#######
#.
#..o.........#
#.
######.#####.#
#. #o# #. #>#
#. #.#
#.#########o#
#.@.[o..((o.#
#############


You could see an orc warrior and an orc priest.

Vanquished Creatures
  Menkaure (D:4)
  A water moccasin (D:5)
  An ice beast (D:5)
  A scorpion (D:3)
  A howler monkey (D:4)
  2 hounds
  An orc priest (D:6)
  3 jellies
  2 iguanas (D:5)
  3 orc wizards
  A hound skeleton (D:4)
  7 adders
  A white imp (D:5)
  An adder zombie (D:5)
  2 adder skeletons
  5 worms
  A dart slug (D:5)
  12 orcs
  2 bats
  6 endoplasms
  2 giant cockroaches (D:2)
  11 goblins
  7 hobgoblins
  7 jackals
  3 kobolds
  5 quokkas
  5 ball pythons
  3 frilled lizards
  4 rats
101 creatures vanquished.

Notes
Turn   | Place    | Note
-------+----------+-------------------------------------------
     0 | D:1      | miscthings the Barachi Cinder Acolyte began the quest for
                  | the Orb.
     0 | D:1      | Reached XP level 1. HP: 18/18 MP: 2/2
   283 | D:1      | Reached XP level 2. HP: 12/24 MP: 4/4
   892 | D:1      | Found a faded altar of an unknown god.
   963 | D:1      | Learned a level 2 spell: Scorch
  1181 | D:2      | Reached XP level 3. HP: 5/29 MP: 0/6
  2194 | D:2      | Reached XP level 4. HP: 15/36 MP: 8/8
  2732 | D:2      | Reached skill level 1 in Short Blades
  3122 | D:3      | Reached skill level 2 in Short Blades
  3508 | D:3      | Noticed a scorpion
  3516 | D:3      | Killed a scorpion
  3517 | D:3      | Reached skill level 3 in Short Blades
  3517 | D:3      | Reached XP level 5. HP: 41/41 MP: 6/9
  3850 | D:4      | Reached skill level 4 in Short Blades
  3902 | D:4      | Reached XP level 6. HP: 41/47 MP: 1/10
  3936 | D:4      | Reached skill level 5 in Short Blades
  4413 | D:4      | Noticed Menkaure
  4426 | D:4      | Killed Menkaure
  4427 | D:4      | Reached skill level 6 in Short Blades
  4427 | D:4      | Reached XP level 7. HP: 22/52 MP: 0/11
  4778 | D:5      | Entered Level 5 of the Dungeon
  4847 | D:5      | Reached skill level 7 in Short Blades
  5118 | D:5      | Found a staircase to the Ecumenical Temple.
  5141 | D:5      | Reached skill level 8 in Short Blades
  5717 | D:5      | Reached XP level 8. HP: 59/59 MP: 5/12
  5811 | D:6      | Identified the +0 leather armour of Qolutt {+Inv rF-
                  | Will+++ Str+4}
  5862 | D:6      | Killed from afar by an orc priest

Illustrated notes

Levels and vault maps discovered:
D:1:      heliophobic_arrival_battle_scene, layout_basic,
          hellmonk_ecumenical_altar_prayer_group, hex_large,
          hangedman_decor_growths, minmay_tree_intersection
D:2:      kennysheep_the_goblin_king, layout_loops_corners
D:3:      layout_loops_ring
D:4:      layout_basic, uniq_menkaure
D:5:      layout_gridville, minmay_temple_entry_wispy
D:6:      layout_loops_ring, grunt_qazlal_sundering, grunt_ministairs_9,
          uniq_maggie

Skill      XL: |  1  2  3  4  5  6  7 |
---------------+----------------------+-----
Spellcasting   | 2 |  2.7
Fire Magic     | 4 |  4.4
Short Blades   | 3 4 6 8 |  8.8
Fighting       | |  3.6
Long Blades    | |  3.6

Action                   |  1- 3 |  4- 6 |  7- 9 || total
-------------------------+-------+-------+-------++-------
Melee: Falchion          |    88 |       |       ||    88
       Dagger            |    50 |   110 |   100 ||   260
Throw: Dart              |       |     1 |     3 ||     4
 Cast: Scorch            |     4 |    32 |    26 ||    62
 Abil: Hop               |     1 |       |     1 ||     2
  Use: Scroll            |       |     4 |       ||     4
       Potion            |       |       |     1 ||     1
Armor: Robe              |    22 |     6 |       ||    28
       Leather armour    |       |    11 |    20 ||    31
Dodge: Dodged            |    78 |    53 |    42 ||   173

Table legend: (Time is in decaauts)
 A = Elapsed time spent in this place.
 B = Non-inter-level travel time spent in this place.
 C = Inter-level travel time spent in this place.
 D = Time resting spent in this place.
 E = Time spent auto-exploring this place.
 F = Levels seen in this place.
 G = Mean time per level.
                   A        B        C        D        E       F      G
               +--------+--------+--------+--------+--------+-----+--------+
         Total |   6425 |   6266 |    159 |   2165 |   3129 |   6 | 1070.8 |
       Dungeon |   6425 |   6266 |    159 |   2165 |   3129 |   6 | 1070.8 |
               +--------+--------+--------+--------+--------+-----+--------+

Top non-repeatable levels by time:
     D:2: 2120 daAuts
     D:1: 1182 daAuts
     D:5: 1056 daAuts
     D:4: 1043 daAuts
     D:3: 911 daAuts
     D:6: 109 daAuts
